 Dungeon Crawl Stone Soup version 0.30-a0-23-ge60ba3568b (webtiles) character file.

Game seed: 9662164801331662162

786 Sobieck the Cutter (level 7, 0/38 HPs)
             Began as a Vine Stalker Fighter on Aug 25, 2022.
             Slain by a jelly (1 damage)
             ... on level 6 of the Dungeon.
             The game lasted 00:05:42 (4553 turns).

Sobieck the Cutter (Vine Stalker Fighter)           Turns: 4553, Time: 00:05:42

Health: 0/38       AC:  1    Str: 19    XL:     7   Next: 87%
Magic:  0/8        EV:  9    Int:  8    God:
Gold:   329        SH:  5    Dex: 15    Spells: 6/6 levels left

rFire   . . .      SeeInvis .    a - +1 dagger (venom) {short}
rCold   . . .      Faith    .    c - +0 buckler
rNeg    . . .      Spirit   +    r - +0 scale mail
rPois   .          Reflect  .    t - +0 helmet
rElec   .          Harm     .    (no cloak)
rCorr   .          Rampage  .    K - +0 pair of gloves
Will    .....                    (no boots)
Stlth   +.........               q - amulet of regeneration {@e2}
HPRegen 1.72/turn                (no ring)
MPRegen 0.11/turn                (no ring)

@: corroded
A: fangs 2, regeneration 1, magic shield, antimagic bite, no potion heal 2
a: no special abilities


You were on level 6 of the Dungeon.
You visited 1 branch of the dungeon, and saw 6 of its levels.

You collected 329 gold pieces.


Innate Abilities, Weirdness & Mutations

You have extremely sharp teeth.
Your natural rate of healing is unusually fast.
When hurt, damage is shared between your health and your magic reserves.
Your bite disrupts and absorbs the magic of your enemies.
Potions cannot restore your health.


   Skills:
 + Level 4.6 Fighting
 * Level 5.8 Short Blades
 - Level 4.0 Armour
 - Level 2.0 Stealth
 - Level 2.6 Shields


You had 6 spell levels left.
You didn't know any spells.
Your spell library contained the following spells:

 Spells                   Type           Power      Damage    Failure   Level
 Scorch                   Fire           0%         2d5       94%         2
 Call Canine Familiar     Summ           0%         N/A       99%         3
 Frozen Ramparts          Ice            0%         1d1       99%         3
 Portal Projectile        Hex/Tloc       0%         N/A       99%         3
 Flame Wave               Conj/Fire      0%         2d4       100%        4
 Ice Form                 Ice/Tmut       0%         N/A       100%        4
 Leda's Liquefaction      Hex/Erth       0%         N/A       100%        4
 Summon Ice Beast         Ice/Summ       0%         N/A       100%        4
 Summon Cactus Giant      Summ           0%         N/A       100%        6

Inventory:

Hand Weapons
 a - a +1 dagger of venom (weapon) {short}
   (You took it off a kobold on level 2 of the Dungeon)
 b - a +0 sling
   (You found it on level 3 of the Dungeon)
 l - a +0 rapier {short}
Missiles
 e - 30 stones (quivered) {throwing}
 g - 3 boomerangs {throwing}
 D - 6 poisoned darts {throwing}
Armour
 c - a +0 buckler (worn)
 i - a +0 ring mail
   (You found it on level 1 of the Dungeon)
 n - a +0 robe
   (You took it off Sigmund on level 2 of the Dungeon)
 p - a +0 ring mail
   (You found it on level 2 of the Dungeon)
 r - a +0 scale mail (worn)
 s - a +0 animal skin
   (You took it off Robin on level 3 of the Dungeon)
 t - a +0 helmet (worn)
   (You found it on level 3 of the Dungeon)
 v - a +2 hat
   (You found it on level 3 of the Dungeon)
 A - a +0 chain mail
   (You found it on level 4 of the Dungeon)
 B - a +0 robe
   (You found it on level 4 of the Dungeon)
 E - a +1 ring mail of poison resistance
   (You found it on level 5 of the Dungeon)
 H - a +0 chain mail
   (You found it on level 5 of the Dungeon)
 J - a +0 leather armour
   (You found it on level 5 of the Dungeon)
 K - a +0 pair of gloves (worn)
   (You found it on level 5 of the Dungeon)
 L - a +0 scale mail
   (You took it off an orc on level 5 of the Dungeon)
 M - a +0 leather armour
   (You took it off an orc on level 6 of the Dungeon)
Magical Staves
 C - a staff of air {!astaff}
   (You found it on level 4 of the Dungeon)
Jewellery
 q - an amulet of regeneration (around neck) {@e2}
   (You found it on level 2 of the Dungeon)
Wands
 o - a wand of digging (4)
   (You took it off Sigmund on level 2 of the Dungeon)
 G - a wand of polymorph (12)
   (You found it on level 5 of the Dungeon)
 I - a wand of paralysis (7)
   (You found it on level 5 of the Dungeon)
Scrolls
 k - 5 scrolls of identify {unknown}
 w - 2 scrolls of blinking {unknown}
 x - 2 scrolls of teleportation {unknown}
 y - 6 scrolls of noise {unknown}
 F - a scroll of poison {unknown}
Potions
 d - a potion of might
 f - a potion of brilliance {unknown}
 h - 7 potions of curing {unknown}
 j - 2 potions of attraction {unknown}
 m - a potion of invisibility {unknown}
 u - 2 potions of resistance {unknown}
 z - a potion of mutation {unknown}

Dungeon Overview and Level Annotations

Branches:
Dungeon (6/15) Zot: 26776
 Temple: D:4-7

Altars:
Ashenzari
Cheibriados
Gozag
Zin

#.......'.........'.
##...####.........##
####..# ##.......##
#.....# ##.....####
#.##### ##...## #.
#.# ##'## #. #.# #.#
#. #####.##### #.#
#. #......S@.#
##.#####.
#.###.###J#
##........ #.# .#
####.....###. #.# ..
.........###. #..
.## ####........ ###
.# #..<####. .#
#........ .#
##....... #.######


You could see a water moccasin (very poisoned) and a jelly (very poisoned).


Message History

You see here a +0 sling.
There is a stone staircase leading down here.
You climb downwards.
There is a stone staircase leading up here.
Unknown command.
Unknown command.
k - 5 scrolls labelled WINLYA BAUDATU (gained 1) As you open the door, it creaks loudly!
An orc priest, 2 orcs and a scorpion come into view.
The orc priest shouts!
The orc shouts!
The orc priest invokes the aid of Beogh against you.
Beogh smites you!
Danger!
Your +1 dagger of venom {short} begins to drip with poison!
a - a +1 dagger of venom (weapon)
{short} You block the scorpion's attack.
Unknown command.
You hit the scorpion. You block the scorpion's attack.
You hit the scorpion but do no damage.
The scorpion is poisoned.
The scorpion barely misses you.
You barely miss the scorpion. Your bite misses the scorpion.
The scorpion stings you but does no damage.
The orc priest calls down the wrath of Beogh upon you.
Beogh smites you!
You hit the scorpion but do no damage. You bite the scorpion.
You drain its power.
You feel invigorated. The scorpion closely misses you.
You hit the scorpion but do no damage.
The scorpion looks as sick as possible!
Your bite misses the scorpion.
You kill the scorpion!
The orc priest looks encouraged for a moment.
The orc hits you but does no damage.
The orc priest hits you but does no damage.
You barely miss the orc. You bite the orc. You drain its power.
The orc hits you but does no damage. The orc priest hits you with a +0 mace.
You barely miss the orc priest. The orc hits you but does no damage.
The orc priest hits you but does no damage.
You hit the orc priest.
The orc priest is poisoned.
You block the orc's attack. You block the orc priest's attack.
You hit the orc priest. You closely miss the orc. You bite the orc.
You kill the orc!
The orc priest mumbles some strange prayers to Beogh against you.
Beogh smites you!
Things that are here:
a +0 dagger {short}; an orc corpse You hit the orc priest but do no damage.
The orc priest looks as sick as possible!
The orc priest hits you but does no damage.
You barely miss the orc priest. You bite the orc priest.
You kill the orc priest!
You hit the orc but do no damage. You bite the orc. You drain its power.
You feel invigorated.
You hit the orc but do no damage.
The orc is poisoned.
Your bite misses the orc. The orc closely misses you.
You hit the orc. The orc hits you with a +0 hand axe.
You hit the orc.
You kill the orc!
Unknown command.
Your +1 dagger of venom {short} stops dripping with poison.
b - a +0 sling (weapon)
M - a +0 leather armour
Items here: )) ††.
There is an open door here.
You open the door. You open the door.
There is an open door here.
A jelly comes into view.
The jelly quivers.
Danger!
Your +1 dagger of venom {short} begins to drip with poison!
a - a +1 dagger of venom (weapon)
{short} A water moccasin comes into view.
You block the jelly's attack.
The water moccasin hisses angrily.
You hit the jelly. The acid corrodes you!
Your hands burn!
You hit the jelly but do no damage.
Your hands burn!
The jelly misses you.
You hit the jelly.
Your hands burn!
The jelly hits you.
You are splashed with acid!
You are too injured to fight recklessly!
Unknown command.
You hit the jelly.
The jelly is poisoned.
The acid corrodes you!
Your hands burn!
You block the jelly's attack.
You hit the jelly.
Your hands burn!
The jelly hits you. The acid corrodes you!
You are splashed with acid!
* * * LOW HITPOINT WARNING * * *
Unknown command.
You hit the jelly but do no damage.
Your hands burn!
* * * LOW HITPOINT WARNING * * *
Your bite misses the jelly.
You hit the water moccasin but do no damage.
The water moccasin barely misses you. The jelly hits you.
* * * LOW HITPOINT WARNING * * *
You are splashed with acid!
* * * LOW HITPOINT WARNING * * *
You hit the water moccasin but do no damage.
The water moccasin is poisoned.
Your bite misses the water moccasin. The water moccasin bites you!
* * * LOW HITPOINT WARNING * * *
The jelly hits you.
You die...

Skill      XL: |  1  2  3  4  5  6  7 |
---------------+----------------------+-----
Short Blades   | 2 3 4 5 |  5.8
Stealth        | 2 |  2.0
Fighting       | 3 4 |  4.6
Armour         | 3 4 |  4.0
Shields        | |  2.6

Action                   |  1- 3 |  4- 6 |  7- 9 || total
-------------------------+-------+-------+-------++-------
Melee: Rapier            |    34 |       |       ||    34
       Bite              |    12 |    34 |    20 ||    66
       Dagger            |    22 |    91 |    60 ||   173
 Fire: Sling             |       |    70 |    13 ||    83
Armor: Scale mail        |    24 |    28 |    17 ||    69
Dodge: Dodged            |    22 |    31 |    25 ||    78
Block: Buckler           |     8 |    14 |    20 ||    42

Levels and vault maps discovered:
D:1:      eino_arrival_cavern_e, layout_loops_ring, hangedman_glass_garden,
          grunt_decor_cap, ebering_dispersal_statue_hall
D:2:      layout_rooms, basic_altar, serial_glass, glass_columns_a,
          glass_columns_a, glass_columns_b, glass_columns_a, glass_columns_a,
          glass_columns_c, glass_columns_c, glass_columns_c, glass_columns_a,
          glass_columns_a, glass_columns_b, glass_columns_a, glass_columns_a,
          glass_columns_c, basic_ecumenical_altar, uniq_sigmund
D:3:      layout_basic, ashenzari_conservatory_becter,
          mainiacjoe_overflow_boulevard, st_stairs_7, uniq_robin
D:4:      layout_loops_corners, minmay_misc_feat_five, hangedman_glass_teeth,
          minmay_mini_ossuary
D:5:      layout_basic, mainiacjoe_overflow_alcove_1, roderic_lattice_a
D:6:      layout_loops_corners, minmay_temple_entry_trees,
          nicolae_fountain_basement, uniq_duvessa

Notes
Turn   | Place    | Note
-------+----------+-------------------------------------------
     0 | D:1      | Sobieck the Vine Stalker Fighter began the quest for the
                  | Orb.
     0 | D:1      | Reached XP level 1. HP: 11/11 MP: 2/2
   203 | D:1      | Reached skill level 2 in Short Blades
   531 | D:1      | Reached XP level 2. HP: 16/16 MP: 3/3
  1045 | D:2      | Found a faded altar of an unknown god.
  1049 | D:2      | Reached skill level 1 in Stealth
  1074 | D:2      | You pick up a book of Scorching and begin reading...
  1074 | D:2      | You add the spells Scorch, Flame Wave and Summon Cactus
                  | Giant to your library.
  1120 | D:2      | Found a glowing silver altar of Zin.
  1210 | D:2      | You pick up a book of the Hunter and begin reading...
  1210 | D:2      | You add the spells Call Canine Familiar, Portal Projectile
                  | and Leda's Liquefaction to your library.
  1219 | D:2      | Noticed Sigmund
  1287 | D:2      | Killed Sigmund
  1288 | D:2      | Reached skill level 3 in Fighting
  1288 | D:2      | Reached skill level 3 in Short Blades
  1288 | D:2      | Reached skill level 3 in Armour
  1288 | D:2      | Reached skill level 2 in Stealth
  1288 | D:2      | Reached XP level 3. HP: 17/20 MP: 2/4
  1288 | D:2      | Gained mutation: Your natural rate of healing is unusually
                  | fast. [Vine Stalker growth]
  1288 | D:2      | Reached XP level 4. HP: 20/24 MP: 2/5
  1288 | D:2      | Reached XP level 5. HP: 24/28 MP: 2/6
  1580 | D:3      | Found a broken altar of Ashenzari.
  1725 | D:3      | Noticed Robin
  1744 | D:3      | Killed Robin
  1784 | D:3      | Found a snail-covered altar of Cheibriados.
  2285 | D:4      | Reached skill level 4 in Short Blades
  2285 | D:4      | Reached XP level 6. HP: 32/32 MP: 7/7
  2955 | D:4      | You pick up a book of Rime and begin reading...
  2955 | D:4      | You add the spells Frozen Ramparts, Ice Form and Summon Ice
                  | Beast to your library.
  3183 | D:5      | Entered Level 5 of the Dungeon
  3271 | D:5      | Found an opulent altar of Gozag.
  3475 | D:5      | Reached skill level 4 in Fighting
  3700 | D:5      | Reached XP level 7. HP: 36/37 MP: 6/8
  3880 | D:5      | Reached skill level 5 in Short Blades
  4204 | D:5      | Reached skill level 4 in Armour
  4552 | D:6      | HP: 6/38 [acid (6)]
  4553 | D:6      | HP: 1/38 [water moccasin (7)]
  4553 | D:6      | Slain by a jelly

Vanquished Creatures
  Sigmund (D:2)
  A centaur (D:5)
  2 scorpions
  A howler monkey (D:4)
  2 hounds
  3 jellies (D:5)
  An orc priest (D:6)
  5 iguanas (D:5)
  A mummy (D:4)
  Robin (D:3)
  A worm (D:4)
  A dart slug (D:5)
  4 orcs
  3 bats
  5 endoplasms
  2 giant cockroaches
  8 hobgoblins
  9 kobolds
  5 quokkas
  4 ball pythons
  2 frilled lizards
  13 goblins
  4 hobgoblin zombies (D:4)
  A rat (D:2)
  A butterfly (D:1)
81 creatures vanquished.

Table legend:
 A = Non-vault XP
 B = Vault XP
 C = Vault XP percentage of total XP
 D = Non-vault monster count
 E = Vault monster count
 F = Vault count percentage of total count
                 A         B        C        D         E       F
            +---------+---------+-------+---------+---------+-------
      Total |     766 |     358 |  31.9 |      57 |      23 |  28.8
            +---------+---------+-------+---------+---------+-------
        D:1 |      17 |       0 |   0.0 |      10 |       0 |   0.0
        D:2 |      16 |     214 |  93.0 |      10 |       1 |   9.1
        D:3 |      10 |      37 |  78.7 |       5 |      14 |  73.7
        D:4 |     119 |      22 |  15.6 |      16 |       5 |  23.8
        D:5 |     476 |      85 |  15.2 |      12 |       3 |  20.0
        D:6 |     128 |       0 |   0.0 |       4 |       0 |   0.0
            +---------+---------+-------+---------+---------+-------

Illustrated notes

Table legend:
 A = Kills in this place as a percentage of kills in entire the game.
 B = Kills by you in this place as a percentage of kills by you in the entire game.
 C = Kills by friends in this place as a percentage of kills by friends in the entire game.
 D = Other kills in this place as a percentage of other kills in the entire game.
 E = Experience gained in this place as a percentage of experience gained in the entire game.
 F = Experience gained in this place divided by the number of levels of this place that you have seen.
                   A       B       C       D       E      F
               +-------+-------+-------+-------+-------+----------------------
         Total | 100.0 | 100.0 |   N/A |   N/A | 100.0 | 187.3
       Dungeon | 100.0 | 100.0 |   N/A |   N/A | 100.0 | 187.3
               +-------+-------+-------+-------+-------+----------------------

Table legend: (Time is in decaauts)
 A = Elapsed time spent in this place.
 B = Non-inter-level travel time spent in this place.
 C = Inter-level travel time spent in this place.
 D = Time resting spent in this place.
 E = Time spent auto-exploring this place.
 F = Levels seen in this place.
 G = Mean time per level.
                   A        B        C        D        E       F      G
               +--------+--------+--------+--------+--------+-----+--------+
         Total |   4551 |   4420 |    131 |    240 |   3609 |   6 |  758.5 |
       Dungeon |   4551 |   4420 |    131 |    240 |   3609 |   6 |  758.5 |
               +--------+--------+--------+--------+--------+-----+--------+

Top non-repeatable levels by time:
     D:5: 1228 daAuts
     D:1: 1024 daAuts
     D:4: 936 daAuts
     D:3: 733 daAuts
     D:2: 502 daAuts
     D:6: 127 daAuts
